 Dungeon Crawl Stone Soup version 0.28.0-47-ge53b351184 (webtiles) character file.

Game seed: 4056593602485434205

1602 bnorton916 the Stinger (level 8, 0/41 HPs)
             Began as a Deep Elf Venom Mage on May 10, 2022.
             Was an Initiate of Gozag.
             Succumbed to a kobold brigand's curare-tipped dart
             ... on level 6 of the Dungeon.
             The game lasted 00:14:15 (10133 turns).

bnorton916 the Stinger (Deep Elf Venom Mage)       Turns: 10133, Time: 00:14:16

Health: 0/41       AC:  6    Str:  5    XL:     8   Next: 62%
Magic:  12/20      EV: 12    Int: 23    God:    Gozag
Gold:   220        SH:  0    Dex: 15    Spells: 11/21 levels left

rFire   . . .      SeeInvis .   q - +3 flail (vorpal)
rCold   . . .      Faith    .   (no shield)
rNeg    . . .      Spirit   .   a - +0 robe
rPois   .          Reflect  .   (no helmet)
rElec   .          Harm     .   i - +0 cloak
rCorr   .          Rampage  .   h - +2 pair of gloves
Will    +....                   (no boots)
Stlth   ++........              (no amulet)
HPRegen 0.13/turn               g - ring of willpower
MPRegen 0.17/turn               (no ring)

@: lethally poisoned (0 -> -33), radiating poison, gold aura, slowed, very slow
A: no striking features
a: Renounce Religion, Potion Petition, Call Merchant, Bribe Branch


You were on level 6 of the Dungeon.
You worshipped Gozag.
Gozag was aware of your devotion.
You visited 2 branches of the dungeon, and saw 7 of its levels.

You collected 318 gold pieces.
You paid 98 gold pieces to Gozag.

Inventory:

Hand Weapons
 o - a +1 whip of freezing
 q - a +3 vorpal flail (weapon)
Missiles
 b - 203 stones
 c - 2 boomerangs of dispersal
Armour
 a - a +0 robe (worn)
 h - a +2 pair of gloves (worn)
 i - a +0 cloak (worn)
 u - a +0 buckler
 w - a +1 leather armour of cold resistance
Jewellery
 g - a ring of willpower (left hand)
Wands
 r - a wand of iceblast (13)
 x - a wand of acid (4)
Scrolls
 d - 2 scrolls of noise {unknown}
 v - 2 scrolls of fog {unknown}
 y - a scroll of blinking {unknown}
Potions
 f - a potion of curing {unknown}
 j - 3 potions of resistance
 k - a potion of ambrosia
 l - 3 potions of lignification
 m - a potion of attraction {unknown}
 n - a potion of haste
 p - a potion of flight {unknown}
 s - a potion of degeneration {unknown}


   Skills:
 + Level 2.4 Armour
 - Level 2.4 Dodging
 - Level 2.4 Stealth
 - Level 7.2 Spellcasting
 + Level 6.3 Conjurations
 - Level 2.0 Transmutations
 - Level 2.0 Air Magic
 + Level 7.6 Poison Magic


You had 11 spell levels left.
You knew the following spells:

 Your Spells              Type           Power      Damage    Failure   Level
a - Sting                 Tmut/Pois      100%       1d8       1%          1
b - Poisonous Vapours     Pois/Air       60%        N/A       1%          2
c - Mephitic Cloud        Conj/Pois/Air  32%        N/A       2%          3
d - Olgreb's Toxic Radia  Pois           43%        N/A       3%          4

Your spell library contained the following spells:

 Spells                   Type           Power      Damage    Failure   Level
 Spider Form              Tmut/Pois      30%        N/A       3%          3
 Corpse Rot               Necr/Air       24%        N/A       8%          2
 Ensorcelled Hibernation  Hex/Ice        16%        N/A       12%         2
 Call Canine Familiar     Summ           8%         N/A       22%         3
 Gell's Gravitas          Tloc           8%         N/A       22%         3
 Lesser Beckoning         Tloc           8%         N/A       22%         3
 Ozocubu's Armour         Ice            8%         N/A       22%         3
 Portal Projectile        Hex/Tloc       16%        N/A       22%         3
 Summon Guardian Golem    Hex/Summ       8%         N/A       22%         3
 Teleport Other           Tloc           8%         N/A       22%         3
 Anguish                  Hex/Necr       4%         N/A       58%         4
 Dispel Undead            Necr           8%         3d8       58%         4
 Leda's Liquefaction      Hex/Erth       4%         N/A       58%         4
 Metabolic Englaciation   Hex/Ice        4%         N/A       91%         5
 Orb of Destruction       Conj           18%        9d8       99%         7
 Death Channel            Necr           4%         N/A       100%        6
 Simulacrum               Ice/Necr       4%         N/A       100%        6
 Spellforged Servitor     Conj/Summ      11%        N/A       100%        7


Dungeon Overview and Level Annotations

Branches:
Dungeon (6/15)             Temple (1/1) D:6

Altars:
Cheibriados
Dithmenos
Elyvilon
Fedhas
Gozag
Hepliaklqana
Kikubaaqudgha
Nemelex Xobeh
Okawaru
Ru
Sif Muna
Trog
Uskayaw
Vehumet
Wu Jian
Xom
Yredelemnul
Zin

Shops:
D:1 [


Message History

Poisonous vapours surround the kobold brigand!
The kobold brigand looks as sick as possible!
A kobold comes into view. It is wielding a +0 club.
The kobold brigand throws a curare-tipped dart.
The curare-tipped dart hits you.
You are poisoned.
You have difficulty breathing.
You feel yourself slow down.
Casting: Poisonous Vapours (safe; 1% risk of failure)
Confirm with . or Enter, or press ? or * to list all spells.
Aiming: Sting (safe; 1% risk of failure)
Press: ? - help, Shift-Dir - straight line, f/p - kobold brigand
Aim: a kobold brigand, wielding a +0 short sword and quivering curare-tipped darts (lightly wounded, extremely poisoned, 72% to hit)
The sting hits the kobold brigand but does no damage.
The kobold brigand looks as sick as possible!
The kobold brigand is lightly wounded.
The kobold shouts!
You feel very sick.
The kobold brigand throws a curare-tipped dart.
The curare-tipped dart hits you.
You are lethally poisoned!
You have difficulty breathing.
* * * LOW HITPOINT WARNING * * *
You feel as though you will be slow longer.
You feel much better.
You feel very sick.
A kobold comes into view. It is wielding a +0 short sword.
The kobold brigand throws a curare-tipped dart.
The curare-tipped dart hits you.
You are lethally poisoned!
You have difficulty breathing.
* * * LOW HITPOINT WARNING * * *
You feel as though you will be slow longer.
Casting: Sting (safe; 1% risk of failure)
Confirm with . or Enter, or press ? or * to list all spells.
You begin to radiate toxic energy.
The kobold is poisoned.
You kill the kobold!
The kobold brigand looks as sick as possible!
You kill the kobold!
You die...
Your body crumbles into a pile of gold.

................#
................#
................#
................#
#######...$.....#
......$.......#
.####.#.....[##
#.#...K..#
......###.#.....@###
≈§§§≈...#.#.........#
≈§§≈§...# #.........#
≈8>§≈..## #.........#
≈_.≈≈.... #.........##
≈§§≈≈.## #...........
≈≈≈≈§..## ##..........
........####..........#
......................


You could see a kobold brigand (extremely poisoned).

Vanquished Creatures
  Pikel (D:4)
  Edmund (D:4)
  A water moccasin (D:5)
  An orc warrior (D:6)
  A black bear (D:5)
  An ogre (D:4)
  3 lemures
  A howler monkey (D:5)
  A jelly (D:5)
  A bullfrog skeleton (D:5)
  2 hounds
  3 orc priests
  Ijyb (D:4)
  4 iguanas
  2 orc wizards
  Terence (D:1)
  A killer bee zombie (D:6)
  A hound skeleton (D:4)
  A howler monkey zombie (D:4)
  7 adders
  An adder skeleton (D:4)
  A worm (D:2)
  4 dart slugs
  8 orcs
  3 bats
  7 endoplasms
  3 giant cockroaches
  5 goblins
  6 hobgoblins
  6 quokkas
  7 ball pythons
  4 frilled lizards
  6 kobolds
  6 rats
102 creatures vanquished.

Vanquished Creatures (others)
  3 plants (D:3)
3 creatures vanquished.

Grand Total: 105 creatures vanquished

Notes
Turn   | Place    | Note
-------+----------+-------------------------------------------
     0 | D:1      | bnorton916 the Deep Elf Venom Mage began the quest for the
                  | Orb.
     0 | D:1      | Reached XP level 1. HP: 10/10 MP: 6/6
   557 | D:1      | Reached XP level 2. HP: 15/15 MP: 4/8
   916 | D:1      | Learned a level 2 spell: Poisonous Vapours
  1147 | D:1      | Found Retouc's Armour Boutique.
  1507 | D:2      | Reached XP level 3. HP: 19/19 MP: 6/10
  1578 | D:2      | Found a faded altar of an unknown god.
  1597 | D:2      | Learned a level 3 spell: Mephitic Cloud
  2004 | D:2      | Found an ancient bone altar of Kikubaaqudgha.
  2516 | D:2      | Noticed Terence
  2540 | D:1      | Killed Terence
  2541 | D:1      | Reached skill level 1 in Conjurations
  2541 | D:1      | Reached XP level 4. HP: 18/24 MP: 7/12
  2688 | D:3      | Reached skill level 1 in Air Magic
  4091 | D:3      | Learned a level 4 spell: Olgreb's Toxic Radiance
  4463 | D:4      | Found a hide-covered altar of Uskayaw.
  4463 | D:4      | Noticed a +0 spear
  4464 | D:4      | Noticed a +0 spear
  4464 | D:4      | Noticed a +0 falchion
  4465 | D:4      | Noticed a +0 short sword
  4465 | D:4      | Noticed a +0 short sword
  4466 | D:4      | Noticed a +0 dagger
  4466 | D:4      | Noticed a +0 dagger
  4467 | D:4      | Noticed a +0 falchion
  4527 | D:4      | Noticed Edmund
  5293 | D:4      | Noticed an ogre
  5312 | D:4      | Killed an ogre
  5313 | D:4      | Reached XP level 5. HP: 24/28 MP: 0/14
  5841 | D:4      | Killed Edmund
  5842 | D:4      | Reached skill level 5 in Spellcasting
  5842 | D:4      | Reached skill level 5 in Poison Magic
  5842 | D:4      | Reached XP level 6. HP: 22/32 MP: 6/16
  6155 | D:4      | Noticed Pikel
  6921 | D:4      | Killed Pikel
  6922 | D:4      | Reached XP level 7. HP: 28/36 MP: 1/19
  6987 | D:4      | Noticed Ijyb
  6992 | D:4      | Killed Ijyb
  7372 | D:5      | Entered Level 5 of the Dungeon
  7867 | D:5      | Reached skill level 5 in Conjurations
  8094 | D:5      | Reached XP level 8. HP: 41/41 MP: 11/20
  8307 | D:5      | Reached skill level 1 in Armour
  9329 | D:6      | Found a staircase to the Ecumenical Temple.
  9347 | Temple   | Entered the Ecumenical Temple
  9525 | Temple   | Became a worshipper of Gozag Ym Sagoz the Greedy
  9577 | D:6      | Found a shimmering altar of Xom.
 10133 | D:6      | Succumbed to a kobold brigand's curare-tipped dart

Illustrated notes

Levels and vault maps discovered:
D:1:      minmay_arrival_shattered_statue, layout_loops_corners, serial_shops,
          nicolae_shop_hallway_stairs
D:2:      layout_loops_ring, basic_altar, ebering_ecumenical_altar_abandoned,
          minmay_nonomino_d4, uniq_terence
D:3:      layout_loops_corners, minmay_misc_feat_secret_circle,
          serial_bayou_pond_b
D:4:      nicolae_cairo_tiling_very_big, layout_rooms,
          nicolae_uskayaw_en_pointe, uniq_pikel, uniq_ijyb, uniq_edmund
D:5:      layout_basic
D:6:      layout_basic, general_overflow_altar, minmay_temple_entry_waves
Temple:   eino_temple_rhombus

Skill      XL: |  1  2  3  4  5  6  7  8 |
---------------+-------------------------+-----
Transmutations | 2 |  2.0
Spellcasting   | 4 5 7 |  7.2
Conjurations   | 1 2 3 4 5 6 |  6.3
Poison Magic   | 4 5 6 7 |  7.6
Air Magic      | 1 2 |  2.0
Armour         | 2 |  2.4
Dodging        | |  2.4
Stealth        | |  2.4

Action                   |  1- 3 |  4- 6 |  7- 9 || total
-------------------------+-------+-------+-------++-------
Melee: Unarmed           |     3 |     5 |       ||     8
       Punch             |       |     1 |       ||     1
       Flail             |       |    17 |    25 ||    42
 Cast: Sting             |    53 |    48 |    25 ||   126
       Poisonous Vapours |    27 |    49 |    58 ||   134
       Mephitic Cloud    |       |     3 |     2 ||     5
       Olgreb's Toxic Ra |       |       |     2 ||     2
Evoke: Wand              |       |       |     3 ||     3
  Use: Scroll            |       |     7 |     2 ||     9
       Potion            |       |     1 |     3 ||     4
 Stab: Sleeping          |       |       |     1 ||     1
Armor: Robe              |     3 |    21 |    19 ||    43
Dodge: Dodged            |    13 |    51 |    36 ||   100
